 Dungeon Crawl Stone Soup version 0.31-a0-640-g39d97e502b (webtiles) character file.

Game seed: 2324038663983559414

50975 GordonOverkill the Convoker (level 14, -12/73 (76) HPs)
             Began as a Vine Stalker Delver on Aug 28, 2023.
             Was a Follower of Lugonu.
             Mangled by Frances
             ... wielding a +2 heavy battleaxe
              (29 damage)
             ... on level 12 of the Dungeon.
             The game lasted 00:46:29 (20707 turns).

GordonOverkill the Convoker (Vine Stalker Delver)  Turns: 20707, Time: 00:46:29

HP:   -12/73 (76)   AC: 14    Str: 10    XL:     14   Next: 57%
MP:   0/32          EV: 12    Int: 21    God:    Lugonu [*.....]
Gold: 1146          SH:  0    Dex: 20    Spells: 22/40 levels left

rFire   . . .        s - +7 short sword of Biunah {flame, Int+2 Dex+3}
rCold   . . .        (no shield)
rNeg    . . .        H - +1 leather armour "Centinn" {+Blink +Inv Str-5 Int+5}
rPois   .            E - +2 hat {Stlth+}
rElec   .            x - +2 cloak
rCorr   +            p - +0 pair of gloves
SInv    .            (no boots)
Will    +....        P - amulet of the acrobat
Stlth   ++++         v - ring of resist corrosion
HPRegen 1.12/turn    M - +4 ring of protection
MPRegen 0.23/turn

%: acrobat, guardian spirit
@: forested, on berserk cooldown, hasted, lightly drained, very quick
A: fangs 3, regeneration 1, magic shield, antimagic bite, no potion heal 2
a: Renounce Religion, Evoke Blink, Evoke Invisibility, Depart the Abyss


You were on level 12 of the Dungeon.
You worshipped Lugonu.
Lugonu was aware of your devotion.
You visited 3 branches of the dungeon, and saw 18 of its levels.
You visited the Abyss 1 time.

You collected 1146 gold pieces.

Inventory:

Hand Weapons
 j - a +3 dagger of holy wrath
 s - the +7 short sword of Biunah (weapon) {flame, Int+2 Dex+3}
   (You took it off an orc on level 8 of the Dungeon)

   Int+2:     It affects your intelligence (+2).
   Dex+3:     It affects your dexterity (+3).
 w - the +5 halberd "Vato" {freeze, rElec rC+ Str-3}
   (You found it on level 5 of the Dungeon)

   Str-3:     It affects your strength (-3).
   rC+:       It protects you from cold.
   rElec:     It insulates you from electricity.
Missiles
 k - 8 javelins
 o - 9 curare-tipped darts (quivered)
Armour
 p - a +0 pair of gloves (worn)
 x - a +2 cloak (worn)
 E - a +2 hat of stealth (worn)
 H - the +1 leather armour "Centinn" (worn) {+Blink +Inv Str-5 Int+5}
   (You found it on level 1 of the Lair of Beasts)

   Str-5:     It affects your strength (-5).
   Int+5:     It affects your intelligence (+5).
   +Inv:      It lets you turn invisible.
   +Blink:    It lets you blink.
Jewellery
 v - a ring of resist corrosion (left hand)
 M - a +4 ring of protection (right hand)
 P - an amulet of the acrobat (around neck)
Wands
 a - a wand of mindburst (12)
 f - a wand of digging (2)
 n - a wand of flame (23)
 u - a wand of iceblast (4)
 D - a wand of paralysis (2)
 L - a wand of polymorph (6)
Scrolls
 b - a scroll of fog
 c - 3 scrolls of revelation
 e - a scroll of enchant armour
 g - 4 scrolls of vulnerability
 q - 3 scrolls of butterflies
 r - 7 scrolls of identify
 y - a scroll of silence
 A - 2 scrolls of enchant weapon
 G - a scroll of poison {unknown}
 J - 2 scrolls of immolation
 K - 3 scrolls of teleportation
 R - a scroll of amnesia
Potions
 d - 5 potions of curing
 h - 2 potions of invisibility
 i - 3 potions of resistance
 l - 2 potions of lignification
 m - 3 potions of brilliance
 t - a potion of attraction
 z - a potion of berserk rage
 F - a potion of mutation {unknown}
 I - 3 potions of enlightenment
 N - a potion of degeneration {unknown}
 O - a potion of cancellation
Miscellaneous
 Q - a condenser vane


   Skills:
 + Level 9.7 Fighting
 - Level 2.0 Short Blades
 - Level 2.0 Throwing
 - Level 1.5 Dodging
 - Level 6.0 Stealth
 - Level 2.0 Unarmed Combat
 + Level 13.8 Spellcasting
 + Level 16.4 Summonings
 - Level 7.0 Translocations
 - Level 3.0 Evocations


You had 22 spell levels left.
You knew the following spells:

 Your Spells              Type           Power      Damage    Failure   Level
a - Summon Forest         Summ/Tloc      29%        N/A       1%          5
b - Summon Cactus Giant   Summ           35%        N/A       1%          6
c - Summon Hydra          Summ           35%        N/A       6%          7

Your spell library contained the following spells:

 Spells                   Type           Power      Damage    Failure   Level
 Volatile Blastmotes      Fire/Tloc      58%        2d14      4%          3
 Summon Mana Viper        Hex/Summ       48%        N/A       6%          5
 Poisonous Vapours        Pois/Air       28%        N/A       9%          2
 Iskenderun's Mystic Bla  Conj/Tloc      29%        2d7       14%         4
 Vhi's Electric Charge    Tloc/Air       58%        N/A       14%         4
 Mephitic Cloud           Conj/Pois/Air  14%        N/A       19%         3
 Fulminant Prism          Conj/Hex       7%         3d6       52%         4
 Arcjolt                  Conj/Air       7%         1d17      86%         5
 Freezing Cloud           Conj/Ice/Air   7%         6-21      86%         5
 Eringya's Noxious Bog    Tmut/Pois      7%         4d6       100%        6
 Plasma Beam              Fire/Air       7%         2x1d17    100%        6


Dungeon Overview and Level Annotations

Branches:
Dungeon (12/15)            Temple (1/1) D:5            Lair (5/5) D:9
  Swamp (0/4) Lair:2       Spider (0/4) Lair:3        Slime (0/5) Lair:5
    Orc (0/2) D:12

Altars:
Ashenzari
Cheibriados
Dithmenos
Elyvilon
Fedhas
Gozag
Hepliaklqana
Kikubaaqudgha
Makhleb
Nemelex Xobeh
Okawaru
Qazlal
Ru
Sif Muna
Trog
Uskayaw
Vehumet
Wu Jian
Xom
Yredelemnul
Zin
The Shining One
Jiyva

Portals:
Abyss: D:10
Trove: D:11 (give 6 scrolls of fog)

Annotations:
D:10 2 transporters, confidenceinterval's ghost, journeyman GnSh
D:12 Frances


Innate Abilities, Weirdness & Mutations

You have razor-sharp teeth.
Your natural rate of healing is unusually fast.
When hurt, damage is shared between your health and your magic reserves.
Your bite disrupts and absorbs the magic of your enemies.
Potions cannot restore your health.


Message History

The shard of ice hits you!!
* * * LOW HITPOINT WARNING * * *
Your dryad hits Frances!
As you read the scroll of fog, it dissolves into smoke.
The trees move their gnarly branches around.
A tree reaches out and hits Frances!
A tree reaches out and hits the two-headed ogre!
Frances screams a word of power!
The two-headed ogre hits your dryad with a +0 giant spiked club!!
The two-headed ogre hits your dryad with a +0 dire flail!
Your dryad barely misses the two-headed ogre.
A tree reaches out and hits the ynoxinul!
A tree reaches out and hits Frances!
A tree reaches out and hits the two-headed ogre!
Frances screams a word of power!
Frances mutters a nigh-unspeakable word.
Your dryad calls out to the forest.
Vines fly forth from the trees!
A root smacks the red devil from below!
A root smacks Frances from below!
A tree reaches out and hits the ynoxinul!
A root smacks the two-headed ogre from below!
The ynoxinul disappears in a puff of smoke!
The two-headed ogre closely misses your dryad.
The two-headed ogre hits your dryad with a +0 dire flail!
Your dryad dies!
Your dryad's corpse disappears in a puff of smoke!
The forest abruptly stops moving.
The hellwing swoops through the air toward you!
The hellwing completely misses you. The hellwing closely misses you.
The hellwing completely misses you. The hellwing misses you.
Casting: Summon Forest (dangerous; 1% risk of failure)
Confirm with . or Enter, or press ? or * to list all spells.
You don't have enough magic to cast this spell.
Casting: Summon Forest (dangerous; 1% risk of failure)
Confirm with . or Enter, or press ? or * to list all spells.
You don't have enough magic to cast this spell.
Unknown command.
You feel yourself speed up.
Frances hits you with a +2 heavy battleaxe!!
You die...

.♣ .♣ .♣ .# ###♣##♣####
.#
#.......§.#♣###########
.#
#.#..#§§#§§...........#
.#
##.....@@§§#♣###♣#######
.##
#.)..♣§4§4.§O...w..3....
..####
#....§§§§§§4.§..........
8....#
#÷#♣♣#♣####♣##♣♣#'###...
.....#####..>...... ..
.....#............. ...
.....#..........### ...
................... ..
................... .


You could see Frances (fast), a hellwing (summoned) and a rust devil (summoned).

Vanquished Creatures
  A rakshasa (Abyss:1)
  A catoblepas (Lair:5)
  A two-headed ogre (D:8)
  2 death yaks
  A boulder beetle (Lair:3)
  Sonja (D:12)
  Pikel (D:5)
  A nameless horror (Lair:4)
  A manticore (Lair:5)
  Joseph (D:10)
  3 black mambas
  2 elephants
  2 cane toads
  A rime drake (Lair:3)
  3 komodo dragons
  A kobold demonologist (D:11)
  2 polar bears (Lair:3)
  A troll (D:8)
  3 dream sheep
  A blink frog (Lair:4)
  A wraith (D:12)
  10 yaks
  A basilisk (D:12)
  3 wyverns
  Eustachio (D:5)
  A steam dragon (D:7)
  Edmund (D:4)
  An acid dragon (D:8)
  4 water moccasins
  3 orc warriors
  A hornet zombie (D:6)
  An ice beast (D:8)
  A black bear (D:5)
  3 wolves (Lair:5)
  2 boggarts (Lair:3)
  2 ogres
  4 centaurs
  4 lemures
  3 phantoms
  5 necrophages (D:6)
  3 kobold brigands
  4 bullfrogs
  2 scorpions
  2 wights (D:6)
  11 killer bees
  A bullfrog zombie (D:6)
  An orc priest (D:8)
  5 jellies
  Crazy Yiuf (D:5)
  A human zombie (D:6)
  A starcursed mass (Abyss:1)
  6 hounds
  6 orc wizards
  An iguana (D:5)
  2 hell rats (Lair:4)
  A killer bee zombie (D:6)
  A howler monkey zombie (D:6)
  6 adders
  A shadow imp (D:7)
  An ufetubus (D:7)
  5 worms
  3 dart slugs
  31 orcs
  3 bats (D:3)
  9 endoplasms
  16 goblins
  7 hobgoblins
  12 kobolds
  3 quokkas
  A frilled lizard (D:2)
  2 orc zombies (D:12)
  A rat (D:1)
232 creatures vanquished.

Vanquished Creatures (collateral kills)
  Gastronok (D:10)
  A hydra (Lair:2)
  2 catoblepae (Lair:5)
  2 two-headed ogres
  8 death yaks
  A thrashing horror (Abyss:1)
  A soul eater (Abyss:1)
  A skyshark (Lair:4)
  A bog body (Lair:2)
  An ugly thing (D:11)
  2 manticores
  13 elephants
  A gargoyle (D:10)
  2 nameless horrors
  An unseen horror (D:12)
  3 rime drakes
  3 cane toads
  2 kobold demonologists (D:11)
  10 komodo dragons
  3 polar bears (Lair:3)
  A troll (D:10)
  8 blink frogs
  8 dream sheep
  A culicivora (Lair:3)
  A shadow (D:12)
  27 yaks
  2 wyverns (Lair:3)
  A fire bat (Abyss:1)
  A basilisk (Lair:4)
  A large abomination (Abyss:1)
  A two-headed ogre zombie (D:12)
  6 water moccasins
  A hell hound (Abyss:1)
  A black bear (Lair:1)
  2 orc warriors
  A centaur (D:10)
  2 boggarts (Lair:3)
  3 wolves
  16 kobold brigands (D:11)
  4 bullfrogs
  A small abomination (Abyss:1)
  3 gnoll sergeants
  10 jellies (Lair:5)
  An orc priest (D:10)
  3 hell rats (Lair:4)
  2 orc wizards
  7 ogre zombies (D:12)
  12 gnolls
  9 orcs
  An endoplasm (Lair:5)
  A kobold (D:11)
  2 goblin skeletons (D:12)
  3 goblin zombies (D:12)
  A hobgoblin skeleton (D:12)
  4 hobgoblin zombies (D:12)
  13 orc zombies (D:12)
220 creatures vanquished.

Vanquished Creatures (others)
  8 snaplasher vines
  2 starspawn tentacles (Abyss:1)
10 creatures vanquished.

Grand Total: 462 creatures vanquished

Notes
Turn   | Place    | Note
-------+----------+-------------------------------------------
     0 | D:5      | GordonOverkill the Vine Stalker Delver began the quest for
                  | the Orb.
     0 | D:5      | Reached XP level 1. HP: 11/11 MP: 2/2
     5 | D:6      | Noticed a killer bee
    16 | D:5      | Noticed a scorpion
    50 | D:5      | Found a staircase to the Ecumenical Temple.
   136 | D:4      | Noticed a jelly
   158 | D:4      | Reached XP level 2. HP: 16/16 MP: 2/4
   196 | D:4      | Reached skill level 1 in Spellcasting
   196 | D:4      | Reached skill level 1 in Summonings
   196 | D:4      | Reached XP level 3. HP: 14/20 MP: 3/6
   202 | D:4      | Noticed a scorpion
   209 | D:4      | Noticed Edmund
   374 | D:1      | Gained mutation: Your natural rate of healing is unusually
                  | fast. [Vine Stalker growth]
   374 | D:1      | Reached XP level 4. HP: 21/24 MP: 5/7
   492 | D:1      | Found a faded altar of an unknown god.
  1020 | D:2      | Reached skill level 2 in Summonings
  1863 | D:3      | Noticed an ogre
  1931 | D:3      | Found an iron altar of Okawaru.
  1931 | D:3      | Found a burning altar of Makhleb.
  1974 | D:3      | Reached XP level 5. HP: 28/28 MP: 9/9
  2082 | D:3      | Identified the +3 chain mail of the Morning {rN+ Stlth+}
  2335 | D:3      | Killed an ogre
  2336 | D:3      | Reached skill level 1 in Short Blades
  2455 | D:4      | Noticed a phantom
  2464 | D:4      | Killed a phantom
  2465 | D:4      | Reached skill level 1 in Throwing
  2465 | D:4      | Reached XP level 6. HP: 33/33 MP: 9/11
  2658 | D:4      | Reached skill level 3 in Summonings
  2775 | D:4      | Reached XP level 7. HP: 37/37 MP: 12/12
  3008 | D:4      | Found a blossoming altar of Fedhas.
  3061 | D:4      | Killed Edmund
  3062 | D:4      | Reached skill level 1 in Translocations
  3443 | D:5      | Noticed Pikel
  3544 | D:5      | Reached skill level 4 in Summonings
  3792 | D:5      | Killed Pikel
  3793 | D:5      | Reached skill level 5 in Spellcasting
  3793 | D:5      | Reached skill level 5 in Summonings
  3793 | D:5      | Gained mutation: You have razor-sharp teeth. [Vine Stalker
                  | growth]
  3793 | D:5      | Reached XP level 8. HP: 28/42 MP: 11/16
  3832 | D:5      | Noticed Eustachio
  3845 | D:5      | Killed Eustachio
  3884 | Temple   | Entered the Ecumenical Temple
  3912 | Temple   | Became a worshipper of Vehumet
  4215 | D:5      | Found an opulent altar of Gozag.
  4258 | D:5      | Found a runed translucent door.
  4259 | D:5      | Noticed Crazy Yiuf
  4377 | D:5      | Identified the +5 halberd "Vato" {freeze, rElec rC+ Str-3}
  4443 | D:5      | Killed Crazy Yiuf
  4517 | D:6      | Reached skill level 6 in Summonings
  4517 | D:6      | Reached XP level 9. HP: 40/45 MP: 17/19
  4967 | D:6      | Reached skill level 5 in Translocations
  5458 | D:6      | Reached skill level 7 in Summonings
  5461 | D:6      | Found a basalt altar of Yredelemnul.
  6018 | D:7      | Reached * piety under Vehumet
  6018 | D:7      | Offered knowledge of Magic Dart by Vehumet.
  6055 | D:7      | Found an ancient bone altar of Kikubaaqudgha.
  6317 | D:8      | Noticed a two-headed ogre
  6340 | D:8      | Killed a two-headed ogre
  6341 | D:8      | Reached skill level 8 in Summonings
  6341 | D:8      | Reached XP level 10. HP: 43/49 MP: 17/23
  6800 | D:8      | Identified the +7 short sword of Biunah {flame, Int+2
                  | Dex+3}
  6802 | D:8      | Reached skill level 9 in Summonings
  7120 | D:8      | Reached ** piety under Vehumet
  7120 | D:8      | Offered knowledge of Momentum Strike by Vehumet.
  7567 | D:8      | Learned a level 5 spell: Summon Forest
  8301 | D:9      | Found a staircase to the Lair.
  8885 | D:9      | Found a staircase to the Lair.
  9240 | D:10     | Entered Level 10 of the Dungeon
  9284 | D:10     | Found a transporter.
  9288 | D:10     | Found a transporter.
  9288 | D:10     | Noticed a worldbinder
  9294 | D:10     | Noticed Gastronok
  9302 | D:10     | Noticed a gargoyle
  9308 | D:10     | Killed Gastronok
  9309 | D:10     | Reached skill level 10 in Spellcasting
  9309 | D:10     | Reached skill level 10 in Summonings
  9309 | D:10     | Reached XP level 11. HP: 53/53 MP: 16/26
  9358 | D:10     | Found a one-way gate to the infinite horrors of the Abyss.
  9358 | D:10     | Noticed confidenceinterval's ghost (journeyman GnSh)
  9404 | D:10     | Noticed a two-headed ogre
  9418 | D:10     | Killed a two-headed ogre
  9419 | D:10     | Reached skill level 1 in Evocations
  9700 | D:10     | Noticed Joseph
  9716 | D:10     | Killed Joseph
  9923 | Lair:1   | Entered Level 1 of the Lair of Beasts
  9929 | Lair:1   | Identified the +1 leather armour "Centinn" {+Blink +Inv
                  | Str-5 Int+5}
 10377 | Lair:1   | Reached skill level 5 in Fighting
 11099 | Lair:2   | Noticed a death yak
 11099 | Lair:2   | Noticed a death yak
 11099 | Lair:2   | Noticed a death yak
 11099 | Lair:2   | Noticed a death yak
 11099 | Lair:2   | Noticed a death yak
 11147 | Lair:2   | Reached skill level 11 in Summonings
 11148 | Lair:2   | Offered knowledge of Hailstorm by Vehumet.
 11150 | Lair:2   | Reached XP level 12. HP: 33/61 MP: 10/28
 11373 | Lair:2   | Reached *** piety under Vehumet
 11664 | Lair:2   | Noticed a six-headed hydra
 11717 | Lair:2   | Killed a six-headed hydra
 11785 | Lair:2   | Reached skill level 12 in Summonings
 11803 | Lair:2   | Learned a level 6 spell: Summon Cactus Giant
 11811 | Lair:2   | Found a staircase to the Swamp.
 12038 | Lair:2   | Killed a death yak
 12062 | Lair:2   | Killed a death yak
 12063 | Lair:2   | Killed a death yak
 12066 | Lair:2   | Killed a death yak
 12067 | Lair:2   | Killed a death yak
 12131 | Lair:2   | Reached skill level 13 in Summonings
 12137 | Lair:2   | Offered knowledge of Ignite Poison by Vehumet.
 12647 | Lair:3   | Noticed a boulder beetle
 12662 | Lair:3   | Killed a boulder beetle
 12663 | Lair:3   | Reached XP level 13. HP: 43/67 MP: 16/30
 12745 | Lair:3   | Reached skill level 14 in Summonings
 12883 | Lair:3   | Found a hole to the Spider Nest.
 14102 | Lair:3   | Reached skill level 15 in Summonings
 14110 | Lair:3   | Learned a level 7 spell: Summon Hydra
 14342 | Lair:4   | Reached **** piety under Vehumet
 14780 | Lair:4   | Offered knowledge of Olgreb's Toxic Radiance by Vehumet.
 15379 | Lair:5   | Entered Level 5 of the Lair of Beasts
 17257 | Lair:5   | Found a staircase to the Slime Pits.
 17262 | Lair:5   | Found a viscous altar of Jiyva.
 17476 | Lair:5   | Reached ***** piety under Vehumet
 17476 | Lair:5   | Offered knowledge of Conjure Ball Lightning by Vehumet.
 18363 | Lair:5   | Reached XP level 14. HP: 66/74 MP: 15/32
 18563 | Lair:5   | Reached skill level 16 in Summonings
 19170 | D:11     | Offered knowledge of Orb of Destruction by Vehumet.
 19704 | D:11     | Found a portal to a secret trove of treasure.
 20079 | D:12     | Found a staircase to the Orcish Mines.
 20453 | D:12     | Noticed Frances
 20456 | D:12     | Noticed Sonja
 20464 | Abyss:1  | Cast into level 1 of the Abyss (Sonja)
 20503 | Abyss:1  | Found a corrupted altar of Lugonu.
 20505 | Abyss:1  | Found a corrupted altar of Lugonu.
 20505 | Abyss:1  | Found a corrupted altar of Lugonu.
 20515 | Abyss:1  | Noticed a tentacled starspawn
 20531 | Abyss:1  | Found a corrupted altar of Lugonu.
 20658 | Abyss:1  | Noticed a starcursed mass
 20658 | Abyss:1  | Noticed a dread lich
 20675 | Abyss:1  | Paralysed by accursed screaming for 1 turns
 20687 | Abyss:1  | Found a corrupted altar of Lugonu.
 20695 | Abyss:1  | Fell from the grace of Vehumet
 20695 | Abyss:1  | Became a worshipper of Lugonu the Unformed
 20695 | Abyss:1  | Reached * piety under Lugonu
 20695 | Abyss:1  | Reached ** piety under Lugonu
 20696 | D:12     | Escaped the Abyss
 20699 | D:12     | Killed Sonja
 20707 | D:12     | Mangled by Frances

Illustrated notes

Levels and vault maps discovered:
D:1:      lemuel_arrival_room, layout_rooms, basic_ecumenical_altar,
          serial_corexii_hall, corexii_hall_statues_x, corexii_hall_statues_x
D:2:      layout_basic, minivault_5
D:3:      layout_basic, nicolae_overflow_two_pavilions, minmay_ogre_servants
D:4:      layout_loops_ring, fedhas_altar_1,
          nicolae_ossuary_entry_false_entrances, uniq_edmund
D:5:      layout_gridville, lemuel_doored_altar,
          minmay_temple_entry_sparse_star, uniq_eustachio, uniq_pikel,
          uniq_crazy_yiuf_cottage
D:6:      layout_basic, lemuel_mausoleum_altar_yredelemnul
D:7:      layout_loops_cross, kiku_gazebo_pond_becter
D:8:      layout_basic
D:9:      layout_small_grid, lair_entry_dummy, serial_glass, glass_columns_b,
          glass_columns_c
D:10:     layout_basic, gammafunk_ghost_abyssal_escape,
          kennysheep_generic_room_10, uniq_joseph, uniq_gastronok
D:11:     layout_roguey, trove_entry_hex_spiral, special_room
          [special_room_kobold], minmay_misc_feat_tower, minmay_fountain_box,
          hex_large
D:12:     layout_stronghold, zombieorc2_lemuel, uniq_sonja, uniq_frances
Temple:   nicolae_temple_elliptical
Lair:1:   layout_roguey, chequers_serial_rivers_small_b, beast_lair_carwin_4
Lair:2:   layout_cave_pods, skrybe_swamp_entry_bodies, grunt_megastairs_5
Lair:3:   layout_regular_city, spider_nest_entry_rubble,
          kilobyte_rumbling_trees, infiniplex_staircase_pool_2
Lair:4:   layout_gridlike
Lair:5:   evilmike_catoblepas_cave, layout_long_grid,
          minmay_slime_entry_jelly_boxes, minmay_hedge_maze,
          infiniplex_staircase_pool

Skill      XL: |  1  2  3  4  5  6  7  8  9 10 11 12 13 14 |
---------------+-------------------------------------------+-----
Fighting       | 3 4 6 7 8 9 |  9.7
Spellcasting   | 1 2 3 5 6 8 10 11 12 13 | 13.8
Summonings     | 1 2 3 5 6 8 10 11 13 15 16 | 16.4
Short Blades   | 1 2 |  2.0
Throwing       | 1 2 |  2.0
Translocations | 3 4 5 6 7 |  7.0
Evocations     | 3 |  3.0
Dodging        | |  1.5
Stealth        | |  6.0
Unarmed Combat | |  2.0

Action                     |  1- 3 |  4- 6 |  7- 9 | 10-12 | 13-15 || total
---------------------------+-------+-------+-------+-------+-------++-------
  Melee: Unarmed           |    48 |    18 |       |       |       ||    66
         Bite              |    13 |    54 |    93 |    90 |    91 ||   341
         Dagger            |       |   146 |   288 |   150 |       ||   584
         Punch             |       |     4 |     7 |    10 |     6 ||    27
         Short sword       |       |       |       |   100 |   214 ||   314
  Throw: Javelin           |       |     6 |       |     5 |       ||    11
         Dart              |       |       |    17 |    18 |     3 ||    38
   Cast: Summon Forest     |       |       |       |    37 |    43 ||    80
         Summon Cactus Gia |       |       |       |     7 |    47 ||    54
         Summon Hydra      |       |       |       |       |    22 ||    22
 Invoke: Depart the Abyss  |       |       |       |       |     1 ||     1
  Evoke: Wand              |       |       |     4 |     5 |     9 ||    18
    Use: Potion            |     2 |       |       |     2 |     5 ||     9
         Scroll            |     1 |     9 |     9 |     3 |     7 ||    29
   Stab: Sleeping          |     5 |    10 |     7 |     4 |     3 ||    29
         Invisible         |     1 |       |       |       |       ||     1
         Distracted        |       |     1 |       |     1 |    14 ||    16
         Paralysed         |       |       |       |     3 |     1 ||     4
 Armour: Leather armour    |    10 |     8 |       |    59 |    98 ||   175
         Chain mail        |       |    50 |   157 |   169 |       ||   376
         Scale mail        |       |     4 |       |       |       ||     4
         Robe              |       |       |       |     3 |       ||     3
  Dodge: Dodged            |    14 |    68 |    85 |   172 |   185 ||   524

Table legend: (Time is in decaauts)
 A = Elapsed time spent in this place.
 B = Non-inter-level travel time spent in this place.
 C = Inter-level travel time spent in this place.
 D = Time resting spent in this place.
 E = Time spent auto-exploring this place.
 F = Levels seen in this place.
 G = Mean time per level.
                   A        B        C        D        E       F      G
               +--------+--------+--------+--------+--------+-----+--------+
         Total |  20635 |  19416 |   1219 |   3580 |  11721 |  19 | 1086.1 |
       Dungeon |  11294 |  10487 |    807 |    891 |   7138 |  12 |  941.2 |
        Temple |     56 |      2 |     54 |      0 |      0 |   1 |   56.0 |
          Lair |   9049 |   8692 |    357 |   2611 |   4583 |   5 | 1809.8 |
         Abyss |    234 |    234 |      0 |     78 |      0 |   1 |  234.0 |
               +--------+--------+--------+--------+--------+-----+--------+

Top non-repeatable levels by time:
  Lair:4: 2416 daAuts
  Lair:5: 2161 daAuts
  Lair:3: 1787 daAuts
     D:8: 1686 daAuts
  Lair:2: 1465 daAuts
  Lair:1: 1219 daAuts
     D:4: 1118 daAuts
     D:6: 1098 daAuts
     D:9: 1037 daAuts
     D:5: 994 daAuts
     D:7: 975 daAuts
     D:2: 860 daAuts
    D:11: 823 daAuts
     D:3: 794 daAuts
    D:10: 701 daAuts
